 Dungeon Crawl Stone Soup version 0.30-a0-23-ge60ba3568b (webtiles) character file.

Game seed: 14932735630525924394

546 fingers the Shield-Bearer (level 7, -1/61 HPs)
             Began as a Minotaur Fighter on Aug 25, 2022.
             Slain by a lemure (2 damage)
             ... led by Pikel
             ... on level 4 of the Dungeon.
             The game lasted 00:07:15 (3311 turns).

fingers the Shield-Bearer (Minotaur Fighter)        Turns: 3311, Time: 00:07:15

Health: -1/61      AC:  7    Str: 20    XL:     7   Next: 6%
Magic:  6/6        EV:  9    Int:  8    God:
Gold:   171        SH:  5    Dex: 13    Spells: 6/6 levels left

rFire   . . .      SeeInvis .    f - +2 mace (venom)
rCold   . . .      Faith    .    c - +0 buckler
rNeg    . . .      Spirit   .    b - +0 scale mail
rPois   .          Reflect  .    (helmet restricted)
rElec   .          Harm     .    (no cloak)
rCorr   .          Rampage  .    (no gloves)
Will    .....                    (no boots)
Stlth   ..........               (no amulet)
HPRegen 0.20/turn                (no ring)
MPRegen 0.10/turn                (no ring)

@: no status effects
A: horns 2, retaliatory headbutt, agile 1, clever 1, mutation resistance 1
a: no special abilities


You were on level 4 of the Dungeon.
You visited 1 branch of the dungeon, and saw 4 of its levels.

You collected 235 gold pieces.
You spent 64 gold pieces at shops.

Inventory:

Hand Weapons
 a - a +0 long sword
 f - a +2 mace of venom (weapon)
 o - a +0 scythe
Missiles
 m - 3 boomerangs (quivered)
Armour
 b - a +0 scale mail (worn)
 c - a +0 buckler (worn)
Jewellery
 k - a +6 ring of intelligence
 u - a ring of protection from cold
Wands
 h - a wand of charming (4)
 j - a wand of flame (5)
 p - a wand of iceblast (4)
Scrolls
 e - 3 scrolls of identify {unknown}
 g - a scroll of enchant armour {unknown}
 l - a scroll of teleportation {unknown}
 r - a scroll of fear {unknown}
 t - a scroll of silence {unknown}
 v - a scroll of vulnerability {unknown}
 w - a scroll of magic mapping {unknown}
Potions
 d - a potion of might
 i - 2 potions of degeneration {unknown}
 n - a potion of attraction {unknown}
 s - a potion of curing {unknown}
 x - a potion of haste {unknown}


   Skills:
 + Level 5.4 Fighting
 - Level 2.9 Long Blades
 * Level 5.0 Maces & Flails
 + Level 5.4 Armour
 + Level 5.5 Shields


You had 6 spell levels left.
You didn't know any spells.
Your spell library contained the following spells:

 Spells                   Type           Power      Damage    Failure   Level
 Blink                    Tloc           0%         N/A       92%         2
 Ensorcelled Hibernation  Hex/Ice        0%         N/A       92%         2
 Passwall                 Tmut/Erth      0%         N/A       92%         2
 Conjure Flame            Conj/Fire      0%         6-21      99%         3
 Ignite Poison            Fire/Tmut/Pois 0%         N/A       99%         3
 Lesser Beckoning         Tloc           0%         N/A       99%         3
 Swiftness                Air            0%         N/A       99%         3
 Sticky Flame             Conj/Fire      0%         2d3       100%        4
 Manifold Assault         Tloc           0%         N/A       100%        5


Dungeon Overview and Level Annotations

Branches:
Dungeon (4/15)
 Temple: D:4-7

Altars:

Shops:
D:1 *   D:4 *

Annotations:
D:4 Pikel


Innate Abilities, Weirdness & Mutations

You have a pair of horns on your head.
You reflexively headbutt those who attack you in melee.
You are agile. (Dex +4, Str/Int -1)
Your mind is acute. (Int +4, Str/Dex -1)
You are somewhat resistant to further mutation.


Message History

Pikel says, "You'll make a fine lemure."
Pikel hits you but does no damage. The lemure hits you but does no damage.
You barely miss the lemure.
The lemure is heavily wounded.
Pikel hits you with a +0 whip of flaming!
Pikel burns you. The lemure hits you. The lemure hits you but does no damage.
The lemure closely misses you.
You hit the lemure.
The lemure looks as sick as possible!
The lemure is severely wounded.
You feel less confused.
Pikel hits you with a +0 whip of flaming.
Pikel burns you. The lemure hits you! The lemure hits you.
Pikel says, "You'll rot in Tartarus!"
Pikel hits you with a +0 whip of flaming.
Pikel burns you. The lemure hits you but does no damage.
You block the lemure's attack. The lemure hits you.
The lemure closely misses you.
You hit the lemure.
The lemure is lightly wounded.
You kill the lemure!
That felt strangely unrewarding.
The lemure hits you.
Pikel zaps a wand.
You resist with some effort. The lemure hits you.
* * * LOW HITPOINT WARNING * * *
You block the lemure's attack.
You barely miss the lemure.
The lemure is lightly wounded.
The lemure hits you but does no damage. The lemure closely misses you.
The lemure hits you.
* * * LOW HITPOINT WARNING * * *
Pikel hits you with a +0 whip of flaming!
* * * LOW HITPOINT WARNING * * *
Pikel burns you.
* * * LOW HITPOINT WARNING * * *
It was a potion of mutation.
You feel extremely strange.
You feel clever.
You feel agile.
You feel genetically stable.
Pikel zaps a wand.
You resist with some effort. The lemure hits you but does no damage.
You block the lemure's attack. The lemure closely misses you.
The lemure attacks as you move away! The lemure hits you.
You die...

. #. ..... .## ###. ...... ..
#... ....... # ##...###.......
# ###..........#... #####
#.........##..... .....
#......5K.......# .....
#......@5........ .....
###.....5..####. ###.#
##...##...# # # #...##†..# #
##. ######.....##...# #
#...#####.###...........#####.#
#..........##..#####...........
#...##.).......#####...........
## #.##.##.....#....#.##.....


You could see Pikel and 3 lemures.

Vanquished Creatures
  Sigmund (D:2)
  Eustachio (D:4)
  A lemure (D:4)
  A hound (D:4)
  Ijyb (D:3)
  An orc wizard (D:4)
  9 adders
  A gnoll (D:1)
  3 dart slugs (D:1)
  9 orcs
  3 endoplasms
  4 giant cockroaches
  8 goblins
  9 hobgoblins
  5 quokkas
  6 ball pythons
  4 bats
  2 kobolds
  4 rats
73 creatures vanquished.

Vanquished Creatures (others)
  2 plants
2 creatures vanquished.

Grand Total: 75 creatures vanquished

Notes
Turn   | Place    | Note
-------+----------+-------------------------------------------
     0 | D:1      | fingers the Minotaur Fighter began the quest for the Orb.
     0 | D:1      | Reached XP level 1. HP: 19/19 MP: 0/0
   256 | D:1      | Reached XP level 2. HP: 19/27 MP: 1/1
   586 | D:1      | Reached XP level 3. HP: 33/33 MP: 2/2
   709 | D:1      | Found Raynuph's Assorted Antiques.
   712 | D:1      | Bought a fluorescent wand for 64 gold pieces
  1354 | D:2      | Reached skill level 1 in Maces & Flails
  1611 | D:2      | Noticed Sigmund
  1624 | D:2      | Killed Sigmund
  1625 | D:2      | Reached XP level 4. HP: 34/41 MP: 3/3
  1625 | D:2      | Reached XP level 5. HP: 39/47 MP: 4/4
  1950 | D:3      | Noticed Ijyb
  1960 | D:3      | Killed Ijyb
  2289 | D:3      | Reached skill level 5 in Shields
  2555 | D:3      | Reached XP level 6. HP: 55/55 MP: 5/5
  2805 | D:4      | Reached skill level 5 in Fighting
  2854 | D:4      | Found Salom's Fire Supplies.
  2880 | D:4      | Noticed Eustachio
  2891 | D:4      | Killed Eustachio
  2892 | D:4      | Reached skill level 5 in Armour
  3218 | D:4      | Reached XP level 7. HP: 61/61 MP: 6/6
  3293 | D:4      | Reached skill level 5 in Maces & Flails
  3295 | D:4      | Noticed Pikel
  3309 | D:4      | HP: 2/61 [Pikel/+0 whip of flaming (10)]
  3310 | D:4      | Gained mutation: Your mind is acute. (Int +4, Str/Dex -1)
                  | [potion of mutation]
  3310 | D:4      | Gained mutation: You are agile. (Dex +4, Str/Int -1)
                  | [potion of mutation]
  3310 | D:4      | Gained mutation: You are somewhat resistant to further
                  | mutation. [potion of mutation]
  3311 | D:4      | Slain by a lemure

Illustrated notes

Levels and vault maps discovered:
D:1:      lemuel_arrival_tunnels, layout_basic, serial_shops,
          nicolae_shop_window_shopping
D:2:      layout_basic, serial_bayou_pond_a, minmay_misc_feat_doors,
          uniq_sigmund
D:3:      layout_basic, minmay_box_of_dots, uniq_ijyb
D:4:      layout_loops_cross, nicolae_gozag_seed_capital, nicolae_shop_fire_sale
          [nicolae_sub_dead_trees], hangedman_decor_growths,
          serial_bayou_pond_b, uniq_eustachio, uniq_natasha, uniq_pikel

Skill      XL: |  1  2  3  4  5  6  7 |
---------------+----------------------+-----
Shields        | 4 5 |  5.5
Fighting       | 4 5 |  5.4
Armour         | 4 5 |  5.4
Maces & Flails | 3 4 5 |  5.0
Long Blades    | |  2.9

Action                   |  1- 3 |  4- 6 |  7- 9 || total
-------------------------+-------+-------+-------++-------
Melee: Long sword        |    23 |       |       ||    23
       Headbutt          |    10 |    16 |       ||    26
       Mace              |    31 |    84 |    13 ||   128
Throw: Boomerang         |     4 |    14 |     4 ||    22
Evoke: Wand              |       |     1 |       ||     1
  Use: Potion            |       |       |     1 ||     1
Armor: Scale mail        |    36 |    45 |    12 ||    93
Dodge: Dodged            |    27 |    63 |    12 ||   102
Block: Buckler           |     8 |    25 |     5 ||    38

Table legend: (Time is in decaauts)
 A = Elapsed time spent in this place.
 B = Non-inter-level travel time spent in this place.
 C = Inter-level travel time spent in this place.
 D = Time resting spent in this place.
 E = Time spent auto-exploring this place.
 F = Levels seen in this place.
 G = Mean time per level.
                   A        B        C        D        E       F      G
               +--------+--------+--------+--------+--------+-----+--------+
         Total |   3360 |   3253 |    107 |    371 |   2212 |   4 |  840.0 |
       Dungeon |   3360 |   3253 |    107 |    371 |   2212 |   4 |  840.0 |
               +--------+--------+--------+--------+--------+-----+--------+

Top non-repeatable levels by time:
     D:1: 1212 daAuts
     D:3: 853 daAuts
     D:2: 761 daAuts
     D:4: 533 daAuts
